 Dungeon Crawl Stone Soup version 0.21-a0-278-ga722497 (webtiles) character file.

154 4thArraOfDagon the Bolt Thrower (level 5, -2/38 HPs)
             Began as a Human Wanderer on Sept 20, 2017.
             Was an Initiate of Nemelex Xobeh.
             Slain by a worker ant (3 damage)
             ... on level 4 of the Dungeon.
             The game lasted 00:04:52 (1568 turns).

4thArraOfDagon the Bolt Thrower (Human Wanderer)    Turns: 1568, Time: 00:04:54

Health: -2/38      AC:  7    Str: 13    XL:     5   Next: 63%
Magic:  7/7        EV: 10    Int: 15    God:    Nemelex Xobeh [......]
Gold:   112        SH:  0    Dex: 10    Spells: 4/4 levels left

rFire    . . .     SeeInvis .   a - +2 hand crossbow
rCold    . . .     Gourm    .   (no shield)
rNeg     . . .     Faith    .   n - +0 ring mail
rPois    .         Spirit   .   (no helmet)
rElec    .         Reflect  .   (no cloak)
rCorr    .         Harm     .   p - +0 pair of gloves (curse)
MR       .....                  w - +0 pair of boots
Stlth    ..........             (no amulet)
HPRegen  0.12/turn              (no ring)
MPRegen  0.10/turn              (no ring)

@: no status effects
A: no striking features
a: Renounce Religion


You were on level 4 of the Dungeon.
You worshipped Nemelex Xobeh.
Nemelex Xobeh was noncommittal.
You were not hungry.

You visited 1 branch of the dungeon, and saw 4 of its levels.

You collected 112 gold pieces.

Inventory:

Hand Weapons
 a - a +2 hand crossbow (weapon)
 d - a +0 falchion
Armour
 n - a +0 ring mail (worn)
 p - a cursed +0 pair of gloves (worn)
 w - a +0 pair of boots (worn)
Scrolls
 h - 2 scrolls of enchant armour {unknown}
 m - 2 scrolls of identify {unknown}
 q - a scroll of immolation {unknown}
 s - a scroll of amnesia {unknown}
 t - a scroll of blinking {unknown}
 u - a scroll of enchant weapon {unknown}
 v - a scroll of magic mapping {unknown}
 A - a scroll of remove curse {unknown}
Potions
 c - a potion of curing
 e - 2 potions of berserk rage {unknown}
 g - a potion of haste {unknown}
 i - a potion of agility {unknown}
 j - 2 potions of might {unknown}
 k - a potion of lignification {unknown}
 l - a potion of mutation {unknown}
 r - a potion of degeneration {unknown}
Miscellaneous
 y - a plain deck of summoning {drawn: 1}
Comestibles
 f - 2 bread rations
 o - 2 meat rations
 x - 2 fruits
 z - a royal jelly


   Skills:
 - Level 2.0 Fighting
 - Level 1.0 Long Blades
 + Level 5.1 Crossbows
 - Level 1.0 Armour
 - Level 1.0 Dodging
 + Level 2.7 Invocations
   Level 2.0 Evocations


You had 4 spell levels left.
You didn't know any spells.

Dungeon Overview and Level Annotations

Branches:
Dungeon (4/15)
 Temple: D:4-7

Altars:
Gozag
Nemelex Xobeh
Qazlal
Sif Muna
Zin


Message History

Aim: a worker ant (moderately wounded, poisoned)
You shoot a bolt. The bolt closely misses the worker ant.
Unknown command.
Firing (i - inventory):
b - 2 bolts (quivered)
Press: ? - help, Shift-Dir - straight line, f/p - worker ant
Aim: a worker ant (moderately wounded, poisoned)
You shoot a bolt. The bolt hits the worker ant.
The worker ant is heavily wounded.
The worker ant closely misses you.
Unknown command.
Firing (i - inventory):
b - a bolt (quivered)
Press: ? - help, Shift-Dir - straight line, f/p - worker ant
Aim: a worker ant (severely wounded, poisoned)
You shoot a bolt. The bolt hits the worker ant.
The worker ant is severely wounded.
The worker ant bites you.
* * * LOW HITPOINT WARNING * * *
The worker ant bites you.
You die...
Your body disappears without a glow.

#....# #.# #....# ##(###
#....##############..(.#
.....'............##(..#
#....############.##...#
#....# #.##)..# #....#
#.##.#.# #....#
#######.##(#ooo #....#
#.....@a.))#..... #....#
#.#####+##.##..###
###### .......## #.#
.....[. >. ..!.... ###
......[ .....## #####


You could see a worker ant.

Vanquished Creatures
  A howler monkey (D:4)
  An orc wizard (D:4)
  An adder (D:2)
  2 oozes
  A worm (D:3)
  A dart slug (D:2)
  2 leopard geckos
  5 orcs
  A ball python (D:3)
  3 giant cockroaches
  7 hobgoblins
  A jackal (D:2)
  9 kobolds
  A quokka (D:3)
  5 bats
  4 frilled lizards
  6 goblins
  A jackal skeleton (D:2)
  9 rats
61 creatures vanquished.

Notes
Turn   | Place    | Note
-------+----------+-------------------------------------------
     0 | D:1      | 4thArraOfDagon the Human Wanderer began the quest for the Orb.
     0 | D:1      | 4thArraOfDagon set off with: a +2 hand crossbow, 25 bolts, a potion of curing, a +0 falchion, a +0 robe, a bread ration
     0 | D:1      | Reached XP level 1. HP: 16/16 MP: 2/2
   144 | D:1      | Reached XP level 2. HP: 22/22 MP: 3/3
   450 | D:3      | Found a stormy altar of Qazlal.
   464 | D:3      | Reached skill level 4 in Crossbows
   464 | D:3      | Reached XP level 3. HP: 27/27 MP: 4/4
   523 | D:4      | Found a sparkling altar of Nemelex Xobeh.
   531 | D:4      | Became a worshipper of Nemelex Xobeh the Trickster
   825 | D:2      | Found a deep blue altar of Sif Muna.
   825 | D:2      | Found a glowing silver altar of Zin.
   826 | D:2      | Found an opulent altar of Gozag.
   966 | D:2      | Received a gift from Nemelex Xobeh
   982 | D:2      | Reached XP level 4. HP: 33/33 MP: 5/5
   999 | D:2      | Reached skill level 1 in Invocations
  1523 | D:4      | Reached skill level 5 in Crossbows
  1523 | D:4      | Reached XP level 5. HP: 26/38 MP: 6/6
  1568 | D:4      | HP: 1/38 [worker ant (3)]
  1568 | D:4      | Slain by a worker ant

Vault maps used:
D:1:      dpeg_arrival_rooms_c, minmay_misc_feat_hallway
D:2:      wad_river_or_something, gammafunk_temple_overflow_forgotten,
          uniq_crazy_yiuf_cottage
D:3:      lemuel_statue_altar
D:4:      nemelex_altar_shiori

Skill      XL: |  1  2  3  4 |
---------------+-------------+-----
Crossbows      | 4 5 |  5.1
Invocations    | 2 |  2.7
Fighting       | |  2.0
Long Blades    | |  1.0
Armour         | |  1.0
Dodging        | |  1.0
Evocations     | |  2.0

Action                   |  1- 3 |  4- 6 || total
-------------------------+-------+-------++-------
Melee: Falchion          |    11 |    90 ||   101
 Fire: Hand crossbow     |    68 |    24 ||    92
Evoke: Deck              |       |     1 ||     1
  Use: Potion            |       |     1 ||     1
  Eat: Chunk             |       |     2 ||     2
Armor: Ring mail         |    15 |    49 ||    64
Dodge: Dodged            |    24 |    54 ||    78
       Rpst.: Falchion   |     4 |    20 ||    24

Table legend:
 A = Spawn XP
 B = Non-spawn XP
 C = Spawn XP percentage of total XP
 D = Spawn monster count
 E = Non-spawn monster count
 F = Spawn count percentage of total count
 G = Total turns spent on level
                    A         B        C        D         E        F      G
               +---------+---------+-------+---------+---------+-------+---------
         Total |       0 |     221 |   0.0 |       0 |      61 |   0.0 |  1568
               +---------+---------+-------+---------+---------+-------+---------
           D:1 |       0 |      15 |   0.0 |       0 |      10 |   0.0 |   308
           D:2 |       0 |      63 |   0.0 |       0 |      27 |   0.0 |   530
           D:3 |       0 |      35 |   0.0 |       0 |      17 |   0.0 |   533
           D:4 |       0 |     108 |   0.0 |       0 |       7 |   0.0 |   197
               +---------+---------+-------+---------+---------+-------+---------
